 Dungeon Crawl Stone Soup version 0.20.0-4-g10b340a (webtiles) character file.

2361719 Gravenous the Conqueror (level 27, 216/242 (249) HPs)
             Began as a Barachi Berserker on May 27, 2017.
             Was the Champion of Trog.
             Escaped with the Orb
             ... and 4 runes!
             The game lasted 02:59:19 (72475 turns).

Gravenous the Conqueror (Barachi Berserker)        Turns: 72475, Time: 02:59:20

HP:   216/242 (249) AC: 32    Str: 34    XL:     27
MP:   41/41         EV: 25    Int:  9    God:    Trog [******]
Gold: 2855          SH: 27    Dex: 13    Spells: 26/26 levels left

rFire    + + +     SeeInvis +   I - +9 demon blade (drain)
rCold    + + +     Gourm    .   r - +5 shield of Wateyzy {*Contam rPois rC+++ MP+9}
rNeg     + + .     Faith    .   H - +3 fire dragon scales "Yginam" {rF++ rC- rN+}
rPois    +         Spirit   .   Z - -2 hat of the Alchemist {rElec rPois rF+ rC+ rN+ MR+ rMut rCorr}
rElec    +         Reflect  +   V - +2 cloak {MR+}
rCorr    +         Harm     .   P - +2 pair of gloves
rMut     +                      D - +2 pair of boots "Doatukece" {rElec MR+ Str+5 SInv}
MR       +++++                  X - +2 amulet of reflection
Stlth    ..........             F - ring of protection from magic
Regen    0.5/turn               S - ring of see invisible
MPRegen  0.3/turn

@: can't hop, slow
A: +LOS, swims, iridescent scales 1, slowness 1, strong legs 2
0: Orb of Zot
}: 4/15 runes: serpentine, barnacled, slimy, silver
a: Hop, Berserk, Trog's Hand, Brothers in Arms, Burn Spellbooks, Renounce
Religion


You escaped.
You worshipped Trog.
Trog was exalted by your worship.
You were not hungry.

You visited 9 branches of the dungeon, and saw 51 of its levels.
You also visited: Labyrinth, Trove and Sewer.

You collected 5551 gold pieces.
You spent 2696 gold pieces at shops.

Inventory:

Hand Weapons
 d - a +2 scimitar of flaming
 m - the +9 sword of Zonguldrok {reap}
   (You took it off an ogre mage on level 5 of the Vaults)

   If a monster killed with it leaves a corpse in good enough shape, the corpse
   will be animated as a zombie friendly to the killer.
 o - a +5 double sword of slicing
 I - a +9 demon blade of draining (weapon)
 K - the +10 zealot's sword {holy, *Rage rN+ EV+3}
   (Trog gifted it to you on level 2 of the Vaults)

   It has been blessed by the Shining One to cause great damage to the undead
   and demons.
   It affects your evasion (+3).
   It protects you from negative energy.
   It may make you go berserk in combat.
 T - the +7 scimitar of Governance {holy, Dex+10}
   (Trog gifted it to you on level 15 of the Dungeon)

   It has been blessed by the Shining One to cause great damage to the undead
   and demons.
   It affects your dexterity (+10).
Armour
 r - the +5 shield of Wateyzy (worn) {*Contam rPois rC+++ MP+9}
   (You took it off Donald on level 4 of the Vaults)

   It renders you almost immune to cold.
   It protects you from poison.
   It affects your magic capacity (+9).
   It causes magical contamination when unequipped.
 D - the +2 pair of boots "Doatukece" (worn) {rElec MR+ Str+5 SInv}
   (You found it on level 3 of the Depths)

   It affects your strength (+5).
   It insulates you from electricity.
   It affects your resistance to hostile enchantments.
   It lets you see invisible.
 H - the +3 fire dragon scales "Yginam" (worn) {rF++ rC- rN+}
   (You bought it in a shop on level 3 of the Snake Pit)

   It greatly protects you from fire.
   It makes you vulnerable to cold.
   It protects you from negative energy.
 P - a +2 pair of gloves (worn)
 V - a +2 cloak of magic resistance (worn)
 Y - +0 fire dragon scales
 Z - the -2 hat of the Alchemist (worn) {rElec rPois rF+ rC+ rN+ MR+ rMut rCorr}
   (You bought it in a shop on level 4 of the Snake Pit)

   It protects you from fire.
   It protects you from cold.
   It insulates you from electricity.
   It protects you from poison.
   It protects you from negative energy.
   It affects your resistance to hostile enchantments.
   It protects you from acid and corrosion.
   It protects you from mutation.
Jewellery
 v - the ring of Robustness {AC+8}
   (You found it on level 5 of the Pits of Slime)

   [ring of protection]

   It affects your AC (+8).
 F - a ring of protection from magic (left hand)
 S - a ring of see invisible (right hand)
 W - the amulet of Vitality {Regen+ HP+15}
   (You found it on level 2 of the Depths)

   [amulet of regeneration]

   It affects your health (+15).
   It increases your rate of regeneration.
 X - a +2 amulet of reflection (around neck)
Wands
 c - a wand of lightning (4/15)
 Q - a wand of digging (17/24)
 R - a wand of iceblast (9/15)
 U - a wand of iceblast (3/15)
Scrolls
 b - 8 scrolls of teleportation
 i - 13 scrolls of identify
 k - 15 scrolls of remove curse
 p - 2 scrolls of holy word
 w - 9 scrolls of fog
 x - 7 scrolls of blinking
 y - 6 scrolls of magic mapping
 B - 5 scrolls of fear
 L - 4 scrolls of recharging
 M - 7 scrolls of enchant armour
Potions
 a - 2 potions of ambrosia
 e - 7 potions of flight
 g - 11 potions of heal wounds
 h - 7 potions of haste
 l - 5 potions of invisibility
 n - 5 potions of agility
 s - 7 potions of brilliance
 t - 4 potions of might
 u - 18 potions of curing
 z - 6 potions of magic
 E - 3 potions of lignification
 G - 3 potions of resistance
 J - 5 potions of mutation
 O - 2 potions of cancellation
Miscellaneous
 q - a lightning rod (4/4)
 A - a phial of floods
 N - a phantom mirror
Comestibles
 f - 23 meat rations
 j - 38 fruits
 C - 21 royal jellies


   Skills:
 O Level 27 Fighting
 - Level 20.0 Long Blades
 + Level 24.8 Armour
 + Level 24.1 Dodging
 O Level 27 Shields
 - Level 12.0 Evocations


You had 26 spell levels left.
You didn't know any spells.

Dungeon Overview and Level Annotations

Branches:
Dungeon (15/15)            Temple (0/1) D:6            Lair (6/6) D:11
 Shoals (4/4) Lair:4        Snake (4/4) Lair:2        Slime (5/5) Lair:5
    Orc (2/2) D:11            Elf (0/3) Orc:2        Vaults (5/5) D:13
  Crypt (0/3) Vaults:3     Depths (5/5) D:15            Zot (5/5) Depths:5

Altars:
Ashenzari
Cheibriados
Dithmenos
Elyvilon
Nemelex Xobeh
Okawaru
Xom
Zin
Beogh
Jiyva

Shops:
D:8 (   D:12 *   D:15 !   Orc:2 }[*[   Snake:3 ([}(=   Snake:4 [   Vaults:4 [
Vaults:5 [}   Depths:2 =(

Portals:
Hell: Depths:1 Depths:2 Depths:3 Depths:4 Depths:5
Abyss: Depths:1 Depths:3 Depths:4 Depths:5
Pandemonium: Depths:3 Depths:4
Ziggurat: Depths:3

Annotations:
Lair:5 exclusion: 3 oklob plants


Innate Abilities, Weirdness & Mutations

Shadows flee at your approach. (+LOS)
You can swim through water.
You cover ground slowly.
You can hop longer distances.
You are partially covered in iridescent scales. (AC +2)


Message History

You sense an unholy aura.
I - a +9 demon blade of draining (weapon)
2 hellwings and 2 smoke demons come into view.
Evoke which item? (* to show all) (? for menu, Esc to quit)
Aiming: Dig
Press: ? - help, Shift-Dir - straight line The rock shatters into small pieces.
This wand has 17 charges left.
The hellwing moves out of view.
The hellwing swoops through the air toward you!
You block the hellwing's attack. x2
Hop to where?
Press: ? - help, Dir - move target cursor Boing!
A goblin comes into view. It is wielding a dagger.
The smoke demon gestures at you. Something smites you!
The smoke demon gestures at you. Something smites you!
There is a staircase leading out of the dungeon here.
You have escaped!

########## #..# #.# # .........#
#..# #.# # .........###..# #.# #
.####.........###.####
########## .#
#..4.#####.......###......... .#
##....34..##≈§#'......########
.###...#.....#...g#.######
##..#..#.....≈....≈.#######
#...##.#.....34⌠@§≈§.....†#####
.............≈..§§≈.#####.#...##
#......#.....#...§#§# #...#..##
.#...#####≈≈###≈≈#### #..###...
.##..##.#....#.....# #...#..##
........≈....≈.....# #.#...##
)##..##.≈..⌠.≈.....# ##.##.##
.##..##.≈....≈.....# #...#.#
.##.....#....#.....### #...#.#


You could see 2 hellwings, 2 smoke demons and a goblin.

Vanquished Creatures
  the Royal Jelly (Slime:5)
  Dissolution (Slime:2)
  4 orbs of fire
  2 juggernauts (Depths:5)
  Mara (Snake:4)
  A greater mummy (Depths:2)
  Boris (twice) (Vaults:2 Depths:3)
  A pandemonium lord (D:6)
  A curse toe (Zot:3)
  7 Killer Klowns (Zot:5)
  A profane servitor (D:15)
  14 golden dragons
  The ghost of nikopol the Slayer, an adept MiBe of Trog (Vaults:3)
  A bone dragon (Depths:5)
  A Brimstone Fiend (Depths:1)
  4 electric golems
  3 liches
  Rupert (Lair:4)
  An Ice Fiend (D:8)
  5 titans
  16 tentacled monstrosities
  23 Orb Guardians
  10 quicksilver dragons
  Polyphemus (Shoals:1)
  10 acid blobs
  A deep elf blademaster (Depths:3)
  A kraken (Shoals:1)
  8 death cobs
  13 sphinxes
  An Executioner (D:1)
  8 tengu reavers
  9 azure jellies
  18 storm dragons
  Donald (Vaults:4)
  19 shadow dragons
  Ilsuiw (Shoals:4)
  14 fire giants
  6 nagarajas
  10 draconian monks
  9 frost giants
  11 vault wardens
  3 deep elf sorcerers
  An iron dragon (Vaults:5)
  5 draconian shifters
  2 ghost moths
  Aizul (Snake:3)
  4 draconian scorchers
  6 draconian knights
  2 orc warlords (Depths:3)
  A cacodemon (Zot:5)
  A deep elf elementalist (Vaults:5)
  3 war gargoyles (Vaults:5)
  11 draconian stormcallers
  24 ironheart preservers
  A reaper (Depths:4)
  6 draconian annihilators
  21 very ugly things
  9 green draconians
  18 stone giants
  An entropy weaver (Vaults:1)
  5 vampire knights
  9 black draconians
  7 deep elf demonologists
  10 yellow draconians
  5 deep elf annihilators
  16 purple draconians
  6 white draconians
  A lorocyproca (Depths:3)
  15 red draconians
  12 spark wasps
  2 large abominations (Vaults:5)
  2 deep elf death magi
  17 ettins
  A minotaur (Lab)
  4 merfolk javelineers
  8 death oozes
  3 mummy priests (Depths:2)
  Josephine (D:15)
  3 jiangshi (Depths:3)
  Snorg (Lair:4)
  9 merfolk impalers
  5 deep elf high priests
  25 yaktaur captains
  7 fire dragons
  6 rakshasas
  The ghost of welfe the Cleaver, a journeyman HOMo of Yredelemnul (D:11)
  12 great orbs of eyes
  A small abomination (Vaults:2)
  18 naga warriors
  29 vault guards
  20 ice dragons
  4 merfolk avatars
  Fannar (D:10)
  7 hydras
  8 spriggan air magi
  An anaconda (shapeshifter) (Vaults:5)
  4 catoblepae
  An alligator snapping turtle (Shoals:4)
  11 centaur warriors
  A satyr (Shoals:4)
  7 anacondas
  5 merfolk aquamancers
  A dancing weapon (Vaults:5)
  4 death knights
  13 death yaks
  3 tengu warriors
  19 ogre magi
  64 two-headed ogres
  14 deep troll earth magi
  10 spriggan berserkers
  A vampire mage (Depths:3)
  10 deep troll shamans
  2 hell hogs (Depths:5)
  5 orc high priests (Orc:2)
  A shock serpent (shapeshifter) (Vaults:5)
  15 naga sharpshooters
  4 shock serpents
  A sun demon (Depths:3)
  A soul eater (Depths:3)
  11 deep elf knights
  3 salamander mystics
  4 iron trolls
  2 unseen horrors
  14 hell knights
  3 sixfirhies
  A kraken simulacrum (Shoals:4)
  2 shadow wraiths
  8 wizards
  33 deep trolls
  7 deep elf archers
  3 fire crabs (shapeshifter)
  A sea snake (shapeshifter) (Vaults:5)
  An unseen horror (shapeshifter) (Vaults:5)
  A torturous demonspawn (Depths:4)
  4 flayed ghosts
  A gelid demonspawn (Depths:1)
  A glowing orange brain (shapeshifter) (Vaults:2)
  11 sea snakes
  4 naga ritualists
  3 glowing orange brains
  13 ironbrand convokers
  A wolf spider zombie (D:14)
  A golden dragon skeleton (Depths:1)
  21 harpies
  8 necromancers
  24 orc knights
  6 phantasmal warriors
  23 deep elf magi
  2 harpies (shapeshifter) (Depths:5)
  A sphinx skeleton (Vaults:4)
  A human zombie (Vaults:4)
  3 shining eyes
  6 wolf spiders
  45 ugly things
  10 mana vipers
  3 manticores (shapeshifter)
  6 orc sorcerers
  A shining eye (shapeshifter) (Depths:5)
  13 manticores
  12 cyclopes
  12 fauns
  5 salamanders
  A cyclops (shapeshifter) (Vaults:4)
  10 guardian serpents
  A black mamba (shapeshifter) (Vaults:3)
  28 moths of wrath
  A torpor snail (Lair:4)
  13 merfolk sirens
  2 rust devils
  An eye of devastation (Slime:5)
  27 black mambas
  4 orange demons
  14 vault sentinels
  A guardian serpent (shapeshifter) (Vaults:1)
  5 water nymphs
  2 elephants
  14 naga magi
  A molten gargoyle (D:14)
  8 spiny frogs
  A kobold demonologist (D:15)
  4 ice devils
  9 komodo dragons
  4 freezing wraiths
  2 yaktaur zombies
  2 efreet
  56 yaktaurs
  3 guardian mummies (Depths:2)
  A hellwing (Depths:1)
  2 human skeletons (Vaults:4)
  A redback zombie (D:15)
  A red devil (Depths:3)
  A yaktaur skeleton (Depths:1)
  2 tengu conjurers
  4 hornets
  11 polar bears
  6 trolls
  Grinder (D:5)
  6 meliai
  28 merfolk
  6 wind drakes
  A meliai (shapeshifter) (Depths:4)
  A dream sheep (shapeshifter) (Depths:4)
  10 dream sheep
  65 slime creatures
  A hippogriff (shapeshifter) (Vaults:4)
  27 blink frogs
  12 snapping turtles
  9 hippogriffs
  10 air elementals
  3 redbacks (Vaults:4)
  Sigmund (D:2)
  3 shadows
  25 water elementals
  3 spriggans (Depths:3)
  A tarantella (shapeshifter) (Depths:2)
  A basilisk (D:11)
  2 humans (shapeshifter)
  3 wyverns
  7 wraiths
  3 vampires
  14 golden eyes
  A golden eye (shapeshifter) (Depths:4)
  A neqoxec (Zot:5)
  75 yaks
  6 hungry ghosts
  A steam dragon (Lair:3)
  5 vampire mosquitoes
  2 chaos spawn
  A steam dragon (shapeshifter) (Vaults:5)
  A warg (shapeshifter) (Vaults:5)
  4 acid dragons
  A naga (shapeshifter) (Vaults:5)
  60 nagas
  5 wargs
  Duvessa (D:5)
  An acid dragon (shapeshifter) (Vaults:5)
  A soldier ant (D:12)
  9 hell hounds (Depths:5)
  8 porcupines
  10 water moccasins
  6 ice beasts
  A swamp drake (shapeshifter) (Vaults:1)
  5 sky beasts
  63 orc warriors
  2 black bears (shapeshifter) (Vaults:5)
  A hornet zombie (D:15)
  6 eyes of draining
  9 black bears
  2 necrophages
  6 phantoms
  6 centaurs
  24 boggarts
  57 ogres
  2 wolves (D:14)
  A centaur (shapeshifter) (Depths:4)
  A big kobold (D:13)
  12 crocodiles
  11 bullfrogs
  A water moccasin zombie (D:5)
  An earth elemental (Lab)
  Dowan (D:5)
  2 wyvern skeletons
  3 scorpions
  10 killer bees
  An orc simulacrum (Vaults:1)
  An electric eel (Lair:6)
  5 wights (D:7)
  6 howler monkeys
  11 crimson imps
  2 human simulacra (Vaults:1)
  2 bullfrog zombies (D:5)
  8 centaur skeletons
  3 centaur zombies
  8 hounds
  3 iron imps
  43 orc priests
  A gnoll shaman (D:7)
  7 jellies
  43 orc wizards
  5 iguanas
  5 hell rats (Lair:4)
  6 worker ants
  A killer bee zombie (D:5)
  3 hound zombies
  A hound skeleton (D:5)
  2 mummies (Depths:2)
  3 worker ant zombies (D:5)
  2 howler monkey skeletons
  10 gnolls
  3 river rats (Sewer)
  17 adders
  4 shadow imps
  2 white imps
  2 ufetubi
  6 oozes
  3 adder skeletons (D:5)
  An adder zombie (D:9)
  7 worms
  4 dart slugs
  5 leopard geckos
  102 orcs
  9 giant cockroaches
  3 goblins
  10 hobgoblins
  7 jackals
  3 quokkas
  12 ball pythons
  6 bats
  8 frilled lizards
  2 jackal zombies (D:5)
  13 kobolds
  A leopard gecko zombie (D:6)
  2 quokka zombies (D:5)
  33 rats
  2 crawling corpses (Vaults:5)
  A fungus (Lair:5)
  A tentacle (Shoals:4)
2540 creatures vanquished.

Vanquished Creatures (collateral kills)
  An Orb Guardian (Zot:5)
  An Executioner (D:6)
  An azure jelly (Slime:5)
  A death ooze (Slime:5)
  A merfolk impaler (Shoals:2)
  4 naga warriors
  A merfolk aquamancer (Shoals:4)
  A naga sharpshooter (Snake:3)
  3 naga ritualists
  An ironbrand convoker (Vaults:4)
  4 mana vipers
  A salamander (Snake:3)
  A merfolk siren (Shoals:2)
  4 black mambas
  3 naga magi
  2 merfolk (Shoals:2)
  A chaos spawn (D:6)
  13 nagas
  2 howler monkeys (D:7)
46 creatures vanquished.

Vanquished Creatures (others)
  A lich (Vaults:5)
  A fire giant (Depths:3)
  An entropy weaver (Vaults:4)
  A purple draconian (Zot:4)
  2 merfolk javelineers (Shoals:4)
  6 yaktaur captains
  A centaur warrior (Vaults:2)
  A merfolk aquamancer (Shoals:4)
  3 naga sharpshooters
  A naga ritualist (Snake:3)
  6 deep elf archers
  An orc knight (Vaults:4)
  2 fauns (Shoals:2)
  2 cyclopes
  A manticore (Shoals:4)
  14 yaktaurs
  2 orc warriors
  2 boggarts
  A centaur (Shoals:1)
  An orc wizard (D:6)
  An orc (Vaults:4)
  9 fungi
  20 plants
  10 tentacles
90 creatures vanquished.

Grand Total: 2676 creatures vanquished

Notes
Turn   | Place    | Note
-------+----------+-------------------------------------------
     0 | D:1      | Gravenous the Barachi Berserker began the quest for the Orb.
     0 | D:1      | Reached XP level 1. HP: 18/18 MP: 1/1
    78 | D:1      | Reached XP level 2. HP: 9/25 MP: 2/2
   496 | D:1      | Reached XP level 3. HP: 25/30 MP: 3/3
  1044 | D:1      | Reached ** piety under Trog
  1283 | D:2      | Reached XP level 4. HP: 38/38 MP: 4/4
  1735 | D:2      | Noticed Sigmund
  1743 | D:2      | Killed Sigmund
  1743 | D:2      | Reached skill level 5 in Fighting
  1743 | D:2      | Reached skill level 5 in Long Blades
  1743 | D:2      | Reached XP level 5. HP: 44/44 MP: 5/5
  1743 | D:2      | Reached XP level 6. HP: 51/51 MP: 6/6
  2269 | D:3      | Reached *** piety under Trog
  2337 | D:3      | Found a faded altar of an unknown god.
  3039 | D:4      | Found a glowing drain.
  3048 | Sewer    | Entered a sewer
  3177 | Sewer    | Reached XP level 7. HP: 38/56 MP: 7/7
  3500 | Sewer    | Reached **** piety under Trog
  3586 | Sewer    | Reached skill level 5 in Armour
  4343 | D:5      | Entered Level 5 of the Dungeon
  4364 | D:5      | Reached XP level 8. HP: 39/65 MP: 8/8
  4869 | D:5      | Found a shattered altar of Ashenzari.
  4987 | D:5      | Noticed Duvessa
  4988 | D:5      | Noticed Dowan
  5006 | D:5      | Killed Duvessa
  5013 | D:5      | Killed Dowan
  5493 | D:5      | Noticed Grinder
  5665 | D:5      | Killed Grinder
  5665 | D:5      | Reached skill level 10 in Long Blades
  5665 | D:5      | Reached XP level 9. HP: 54/74 MP: 9/9
  6305 | D:6      | Found a staircase to the Ecumenical Temple.
  6308 | D:6      | Reached skill level 1 in Shields
  6409 | D:6      | Reached ***** piety under Trog
  7719 | D:7      | Reached XP level 10. HP: 82/82 MP: 10/10
  7826 | D:7      | Reached skill level 5 in Shields
  8397 | D:8      | Found Caugytiu's Antique Weapon Shoppe.
  8734 | D:9      | Noticed a two-headed ogre
  8740 | D:9      | Killed a two-headed ogre
  9067 | D:9      | Found a white marble altar of Elyvilon.
  9067 | D:9      | Found a glowing silver altar of Zin.
  9067 | D:9      | Found a sparkling altar of Nemelex Xobeh.
  9068 | D:9      | Found a snail-covered altar of Cheibriados.
  9069 | D:9      | Found a shadowy altar of Dithmenos.
  9072 | D:9      | Found a shimmering altar of Xom.
  9239 | D:9      | Noticed a two-headed ogre
  9248 | D:9      | Killed a two-headed ogre
  9248 | D:9      | Reached skill level 10 in Fighting
  9390 | D:9      | Reached XP level 11. HP: 77/91 MP: 11/11
  9413 | D:10     | Entered Level 10 of the Dungeon
  9538 | D:10     | Noticed a cyclops
  9552 | D:10     | Killed a cyclops
  9824 | D:10     | Noticed Fannar
  9941 | D:10     | Killed Fannar
  9941 | D:10     | Reached skill level 10 in Armour
 10280 | D:11     | Reached skill level 1 in Evocations
 10388 | D:11     | Noticed a manticore
 10401 | D:11     | Killed a manticore
 10415 | D:11     | Noticed welfe's ghost (journeyman HOMo)
 10790 | D:11     | Noticed a cyclops
 10806 | D:11     | Killed a cyclops
 11009 | D:11     | Reached ****** piety under Trog
 11055 | D:11     | Killed welfe's ghost
 11055 | D:11     | Received a gift from Trog
 11134 | D:11     | Reached skill level 5 in Evocations
 11288 | D:11     | Found a staircase to the Lair.
 11311 | Lair:1   | Entered Level 1 of the Lair of Beasts
 11371 | Lair:1   | Reached XP level 12. HP: 100/100 MP: 16/16
 12978 | Lair:2   | Noticed a six-headed hydra
 12985 | Lair:2   | Killed a six-headed hydra
 13189 | Lair:2   | Noticed a seven-headed hydra
 13195 | Lair:2   | Killed a seven-headed hydra
 13313 | Lair:2   | Found a staircase to the Snake Pit.
 13846 | Lair:3   | Received a gift from Trog
 14338 | Lair:3   | Gained mutation: You can hop longer distances. [Barachi growth]
 14338 | Lair:3   | Reached XP level 13. HP: 105/114 MP: 17/17
 14743 | Lair:3   | Reached skill level 15 in Fighting
 14859 | Lair:4   | Noticed Rupert
 14884 | Lair:4   | Killed Rupert
 15067 | Lair:4   | Noticed Snorg
 15082 | Lair:4   | Killed Snorg
 15572 | Lair:4   | Found a staircase to the Shoals.
 16267 | Lair:5   | Found a viscous altar of Jiyva.
 16268 | Lair:5   | Found a staircase to the Slime Pits.
 17177 | Lair:6   | Entered Level 6 of the Lair of Beasts
 17471 | Lair:6   | Reached XP level 14. HP: 91/124 MP: 18/18
 17835 | Lair:6   | Received a gift from Trog
 18711 | D:12     | Reached skill level 10 in Shields
 18737 | D:12     | Found Varph's Assorted Antiques.
 18761 | D:12     | Bought a scroll labeled AMEUNI DIADOYPH for 29 gold pieces
 19888 | D:13     | Found a labyrinth entrance.
 19901 | Lab      | Entered a labyrinth
 20368 | D:13     | Received a gift from Trog
 20375 | D:13     | Got a dazzling plate armour
 20392 | D:13     | Identified the +0 plate armour "Hohalao" {rElec Str-3 Dex+4} (You acquired it on level 13 of the Dungeon)
 21570 | D:13     | Received a gift from Trog
 21598 | D:13     | Found a gate to the Vaults.
 21818 | D:14     | Reached skill level 15 in Armour
 21909 | D:14     | Reached XP level 15. HP: 127/133 MP: 19/19
 22031 | D:14     | Found a huge runed gate.
 22031 | D:14     | Found a huge runed gate.
 22031 | D:14     | Found a huge runed gate.
 22031 | D:14     | Found a huge runed gate.
 22944 | D:14     | Reached XP level 16. HP: 141/141 MP: 20/20
 22945 | D:14     | Reached skill level 15 in Shields
 22945 | D:14     | Reached XP level 17. HP: 147/147 MP: 21/21
 22990 | D:15     | Entered Level 15 of the Dungeon
 23336 | D:15     | Found a staircase to the Depths.
 23371 | D:15     | Noticed Josephine
 23388 | D:15     | Killed Josephine
 23396 | D:15     | Received a gift from Trog
 23407 | D:15     | Got a steaming scimitar {god gift}
 23408 | D:15     | Identified the +7 scimitar of Governance {holy, Dex+10} (Trog gifted it to you on level 15 of the Dungeon)
 24467 | D:15     | Found Naif's Distillery.
 26210 | Lair:6   | Got a smoking hat
 26230 | Lair:6   | Identified the +2 hat of the Realm of Zot {MR+} (You found it on level 6 of the Lair of Beasts)
 26425 | D:11     | Found a staircase to the Orcish Mines.
 26440 | D:11     | Found a roughly hewn altar of Beogh.
 26443 | D:11     | Received a gift from Trog
 26463 | Orc:1    | Entered Level 1 of the Orcish Mines
 27154 | Orc:2    | Entered Level 2 of the Orcish Mines
 27930 | Orc:2    | Found a staircase to the Elven Halls.
 28271 | Orc:2    | Received a gift from Trog
 28417 | Orc:2    | Gained mutation: You are partially covered in iridescent scales. (AC +2) [a neqoxec]
 28799 | Orc:2    | Reached XP level 18. HP: 120/159 MP: 24/24
 29009 | Orc:2    | Found Utzeuc's Antique Armour Shoppe.
 29009 | Orc:2    | Found Micwelef's Gadget Emporium.
 29009 | Orc:2    | Found Ymotujop's General Store.
 29012 | Orc:2    | Found Bohuefi's Antique Armour Emporium.
 29022 | Orc:2    | Bought a bloodstained chain mail for 294 gold pieces
 29032 | Orc:2    | Identified the +2 chain mail of Bad Feelings {-Cast Regen+ rCorr Str+8} (You bought it in a shop on level 2 of the Orcish Mines)
 29220 | Orc:2    | Received a gift from Trog
 29361 | Snake:1  | Entered Level 1 of the Snake Pit
 31042 | Snake:3  | Noticed Aizul
 31068 | Snake:3  | Killed Aizul
 31364 | Snake:3  | Reached skill level 10 in Evocations
 31367 | Snake:3  | Received a gift from Trog
 31521 | Snake:3  | Found Nanof's Jewellery Boutique.
 31527 | Snake:3  | Bought a +2 amulet of reflection for 135 gold pieces
 31828 | Snake:3  | Found Ifaoxiu's Antique Armour Shop.
 31845 | Snake:3  | Found Sanlil's Antique Weapon Boutique.
 31845 | Snake:3  | Found Nehadyng's Antique Weapon Shop.
 31848 | Snake:3  | Found Qofop's Gadget Boutique.
 32398 | Snake:4  | Entered Level 4 of the Snake Pit
 32532 | Snake:4  | Noticed Mara
 32549 | Snake:4  | Killed Mara
 33157 | Snake:4  | Found Siajyvip's Armour Boutique.
 33166 | Snake:4  | Bought the -2 hat of the Alchemist {rElec rPois rF+ rC+ rN+ MR+ rMut rCorr} for 613 gold pieces
 33539 | Snake:4  | Received a gift from Trog
 33742 | Snake:4  | Reached XP level 19. HP: 156/171 MP: 27/27
 33967 | Snake:4  | Received a gift from Trog
 34997 | Snake:4  | Got a serpentine rune of Zot
 35313 | Vaults:1 | Entered Level 1 of the Vaults
 35367 | Vaults:1 | Reached skill level 5 in Dodging
 35516 | Vaults:1 | Received a gift from Trog
 36305 | Vaults:1 | Reached skill level 10 in Dodging
 36530 | Vaults:1 | Reached XP level 20. HP: 167/180 MP: 29/29
 37128 | Vaults:1 | Received a gift from Trog
 37172 | Vaults:1 | Noticed a Tzitzimitl
 37363 | Vaults:2 | Noticed Boris
 37375 | Vaults:2 | Killed Boris
 37818 | Vaults:2 | Found a portal to a secret trove of treasure.
 38414 | Vaults:2 | Received a gift from Trog
 38587 | Vaults:2 | Reached skill level 15 in Dodging
 38781 | Vaults:3 | Noticed nikopol's ghost (adept MiBe)
 38812 | Vaults:3 | Killed nikopol's ghost
 39196 | Vaults:3 | Received a gift from Trog
 39319 | Vaults:3 | Reached XP level 21. HP: 187/187 MP: 30/30
 39879 | Vaults:3 | Received a gift from Trog
 39934 | Vaults:3 | Found a staircase to the Crypt.
 40105 | Vaults:3 | Received a gift from Trog
 41286 | Vaults:4 | Noticed Donald
 41307 | Vaults:4 | Killed Donald
 41357 | Vaults:4 | Identified the +5 shield of Wateyzy {*Contam rPois rC+++ MP+9} (You took it off Donald on level 4 of the Vaults)
 41377 | Vaults:4 | Found Xigifiyfe's Armour Boutique.
 41391 | Vaults:4 | Received a gift from Trog
 41586 | Vaults:4 | Reached XP level 22. HP: 188/194 MP: 31/31
 41814 | Vaults:4 | Got a pair of dazzling boots
 41815 | Vaults:4 | Identified the +0 pair of boots of Spite {+Fly rC+} (You acquired it on level 4 of the Vaults)
 42704 | Snake:3  | Bought dazzling fire dragon scales for 1625 gold pieces
 42704 | Snake:3  | Identified the +3 fire dragon scales "Yginam" {rF++ rC- rN+} (You bought it in a shop on level 3 of the Snake Pit)
 42863 | Shoals:1 | Entered Level 1 of the Shoals
 43488 | Shoals:1 | Received a gift from Trog
 43670 | Shoals:2 | Noticed Polyphemus
 43700 | Shoals:1 | Killed Polyphemus
 44392 | Shoals:2 | Reached skill level 15 in Long Blades
 45590 | Shoals:3 | Received a gift from Trog
 45795 | Shoals:4 | Entered Level 4 of the Shoals
 45969 | Shoals:4 | Noticed Ilsuiw
 46558 | Shoals:4 | Killed Ilsuiw
 46641 | Shoals:4 | Got a barnacled rune of Zot
 46799 | Shoals:4 | Identified the Volume of Harmful Intoxication
 46958 | Shoals:4 | Got a faintly glowing pewter amulet
 47068 | Shoals:4 | Reached XP level 23. HP: 199/202 MP: 32/32
 47236 | Shoals:4 | Received a gift from Trog
 47630 | Depths:1 | Entered Level 1 of the Depths
 47630 | Depths:1 | Found a one-way gate to the infinite horrors of the Abyss.
 48450 | Depths:1 | Found a sparkling altar of Nemelex Xobeh.
 48627 | Depths:1 | Identified the amulet of Vidall {Reflect rElec rN+ MR- Str+2 SH+3} (You took it off a merfolk aquamancer on level 4 of the Shoals)
 49007 | Depths:1 | Found a gateway to Hell.
 49308 | Depths:2 | Received a gift from Trog
 49961 | Depths:2 | Noticed a greater mummy
 49974 | Depths:2 | Killed a greater mummy
 50280 | Depths:2 | Found Nigaah's Jewellery Shop.
 50286 | Depths:2 | Found Dasapnum's Weapon Shop.
 51025 | Depths:2 | Reached XP level 24. HP: 185/210 MP: 32/32
 51260 | Depths:3 | Received a gift from Trog
 51534 | Depths:3 | Found a gateway to a ziggurat.
 51794 | Depths:3 | Found an iron altar of Okawaru.
 52092 | Depths:3 | Found a one-way gate leading to the halls of Pandemonium.
 52592 | Depths:3 | Identified the +2 pair of boots "Doatukece" {rElec MR+ Str+5 SInv} (You found it on level 3 of the Depths)
 52780 | Depths:3 | Received a gift from Trog
 53080 | Depths:3 | Found an iron altar of Okawaru.
 53243 | Depths:4 | Noticed Boris
 53276 | Depths:3 | Killed Boris
 53977 | Depths:4 | Reached XP level 25. HP: 187/227 MP: 32/32
 54045 | Depths:4 | Received a gift from Trog
 54136 | Depths:4 | Received a gift from Trog
 54313 | Depths:4 | Found a runed door.
 55085 | Depths:5 | Entered Level 5 of the Depths
 55702 | Depths:5 | Reached skill level 27 in Fighting
 56183 | Depths:5 | Received a gift from Trog
 56661 | Depths:5 | Noticed a juggernaut
 56675 | Depths:5 | Killed a juggernaut
 57177 | Depths:5 | Noticed a juggernaut
 57195 | Depths:5 | Killed a juggernaut
 57195 | Depths:5 | Reached XP level 26. HP: 238/240 MP: 32/32
 57493 | Depths:5 | Found a gate to the Realm of Zot.
 57943 | Vaults:5 | Entered Level 5 of the Vaults
 58029 | Vaults:4 | Received a gift from Trog
 58262 | Vaults:5 | Paralysed by a floating eye for 3 turns
 58343 | Vaults:5 | Received a gift from Trog
 59431 | Vaults:5 | Got a smoking ivory ring
 59432 | Vaults:5 | Identified the ring of the Meadowlark {rCorr +Fly} (You found it on level 5 of the Vaults)
 59531 | Vaults:5 | Reached XP level 27. HP: 157/247 MP: 32/32
 59584 | Vaults:5 | Received a gift from Trog
 60391 | Vaults:5 | Found Uloum's Gadget Shop.
 60403 | Vaults:5 | Found Tinoamyt's Antique Armour Emporium.
 60449 | Vaults:5 | Got a silver rune of Zot
 60842 | Slime:1  | Entered Level 1 of the Pits of Slime
 61029 | Slime:3  | Noticed Dissolution
 61051 | Slime:2  | Killed Dissolution
 61257 | Slime:4  | Received a gift from Trog
 61399 | Slime:5  | Entered Level 5 of the Pits of Slime
 61601 | Slime:5  | Noticed the Royal Jelly
 61602 | Slime:5  | Found a viscous altar of Jiyva.
 61643 | Slime:5  | Killed the Royal Jelly
 62003 | Slime:5  | Got a slimy rune of Zot
 62043 | Slime:5  | Identified the ring of Bixokiehuo {rElec Str+2 Dex+5} (You found it on level 5 of the Pits of Slime)
 62475 | Vaults:2 | You showed the slimy rune of Zot to enter a treasure trove
 62476 | Trove    | Entered a treasure trove
 62481 | Trove    | Received a gift from Trog
 62860 | Zot:1    | Entered Level 1 of the Realm of Zot
 65584 | Zot:3    | Reached skill level 27 in Shields
 66067 | Zot:3    | Received a gift from Trog
 67310 | Zot:4    | Received a gift from Trog
 68777 | Zot:5    | Entered Level 5 of the Realm of Zot
 69474 | Zot:5    | Noticed an orb of fire
 69489 | Zot:5    | Killed an orb of fire
 69500 | Zot:5    | Received a gift from Trog
 70460 | Zot:5    | Noticed an orb of fire
 70468 | Zot:5    | Killed an orb of fire
 70472 | Zot:5    | Noticed an orb of fire
 70475 | Zot:5    | Noticed an orb of fire
 70480 | Zot:5    | Killed an orb of fire
 70700 | Zot:4    | Killed an orb of fire
 71614 | Zot:5    | Got the Orb of Zot
 71617 | Zot:5    | Noticed an orb of fire
 71693 | Zot:4    | Noticed Dynem the pandemonium lord
 71913 | Depths:2 | Received a gift from Trog
 72292 | D:6      | Noticed Wegaqak the pandemonium lord
 72298 | D:6      | Killed Wegaqak the pandemonium lord
 72475 | D:$      | Escaped with the Orb!

Skill      XL: |  1  2  3  4  5  6  7  8  9 10 11 12 13 14 15 16 17 18 19 20 21 22 23 24 25 26 27 |
---------------+----------------------------------------------------------------------------------+-----
Long Blades    | 4 5 6 8 10 11 13 14 17 20 | 20.0
Fighting       | 4 5 6 8 10 11 14 15 16 17 18 20 21 22 25 27 | 27.0
Armour         | 3 4 5 6 8 9 10 12 13 15 16 17 18 19 20 24 | 24.8
Shields        | 4 5 9 12 14 15 17 21 27 | 27.0
Evocations     | 5 6 8 11 12 | 12.0
Dodging        | 10 16 20 24 | 24.1

Action                   |  1- 3 |  4- 6 |  7- 9 | 10-12 | 13-15 | 16-18 | 19-21 | 22-24 | 25-27 || total
-------------------------+-------+-------+-------+-------+-------+-------+-------+-------+-------++-------
Melee: Falchion          |    92 |   215 |   585 |       |       |       |       |       |       ||   892
       Scimitar          |       |       |    24 |   599 |       |    44 |    24 |    76 |     6 ||   773
       Demon blade       |       |       |       |    45 |  1062 |  1425 |  1801 |  2208 |  3712 || 10253
       Eudemon blade     |       |       |       |       |       |       |    26 |    10 |    40 ||    76
       Double sword      |       |       |       |       |       |       |       |       |    51 ||    51
Invok: Berserk           |     1 |     2 |     3 |    10 |     5 |     8 |     1 |     1 |     4 ||    35
       Trog's Hand       |       |       |     1 |       |     6 |     2 |     9 |     6 |    24 ||    48
       Burn Spellbooks   |       |       |       |     2 |     3 |     3 |     1 |     3 |     9 ||    21
       Brothers in Arms  |       |       |       |       |       |     4 |     2 |     3 |     6 ||    15
 Abil: Hop               |       |       |       |     1 |     3 |     3 |     4 |     4 |     8 ||    23
Evoke: Wand              |       |       |     2 |    10 |    25 |       |       |     1 |     6 ||    44
  Use: Scroll            |       |     9 |     7 |     7 |    18 |     8 |     4 |    15 |    17 ||    85
       Potion            |       |       |       |       |     1 |     1 |       |       |     2 ||     4
 Stab: Paralysed         |       |       |       |       |     8 |       |       |       |       ||     8
       Distracted        |       |       |       |       |       |       |     1 |       |     3 ||     4
       Confused          |       |       |       |       |       |       |       |       |     1 ||     1
  Eat: Chunk             |     3 |     8 |     7 |    30 |    48 |    37 |    24 |    32 |     9 ||   198
       Bread ration      |       |       |     3 |     1 |     3 |     1 |     2 |     4 |     7 ||    21
       Meat ration       |       |       |       |       |       |       |       |       |     9 ||     9
Armor: Animal skin       |    25 |    17 |       |       |       |       |       |       |       ||    42
       Chain mail        |       |    45 |   424 |   249 |   195 |   143 |   360 |    24 |       ||  1440
       Ring mail         |       |     8 |       |       |       |       |       |       |       ||     8
       Plate armour      |       |       |       |       |   148 |   284 |       |       |       ||   432
       Fire dragon scale |       |       |       |       |       |       |       |   390 |   751 ||  1141
Dodge: Dodged            |    70 |   114 |   281 |   183 |   196 |   234 |   474 |   914 |  1513 ||  3979
Block: Buckler           |       |       |    30 |   108 |    78 |       |       |       |       ||   216
       Shield            |       |       |       |       |   266 |   860 |  1169 |  1947 |  3246 ||  7488
       Reflection        |       |       |       |       |       |    28 |   143 |   158 |    73 ||   402
       Rpst.: Falchion   |    22 |    49 |    69 |       |       |       |       |       |       ||   140
       Scimitar          |       |       |     6 |    48 |       |     2 |       |    10 |       ||    66
       Demon blade       |       |       |       |     3 |    42 |    54 |    96 |   143 |   188 ||   526
       Eudemon blade     |       |       |       |       |       |       |     2 |     2 |     6 ||    10
       Double sword      |       |       |       |       |       |       |       |       |     4 ||     4
